 Dungeon Crawl Stone Soup version 0.15-a0-1914-g8cb84b8 (console) character file.

110 Nacere the Magician (level 4, -6/24 HPs)
             Began as a Deep Elf Ice Elementalist on July 7, 2014.
             Killed from afar by Nacere's ghost (11 damage)
             ... with a puff of frost
             ... on Level 3 of the Dungeon.
             The game lasted 00:04:08 (599 turns).

Nacere the Magician (Deep Elf Ice Elementalist)      Turns: 599, Time: 00:04:08

HP  -6/24        AC  3     Str  5      XL: 4   Next: 61%
MP   7/15        EV 13     Int 21      God:
Gold 91          SH  0     Dex 15      Spells:  3 memorised,  4 levels left

rFire  . . .     SeeInvis .     m - +0 flail
rCold  . . .     Clarity  .     a - +0 robe
rNeg   . . .     rCorr    .     (no shield)
rPois  .         rRot     .     (no helmet)
rElec  .         Spirit   .     (no cloak)
SustAb .         Warding  .     q - +0 pair of gloves
rMut   .         Stasis   .     (no boots)
Gourm  .                        (no amulet)
MR     .....                    (no ring)
                                (no ring)

@: not resistant to hostile enchantments, unstealthy
A: no striking features
a: no special abilities


You were on level 3 of the Dungeon.
You were not hungry.

You visited 1 branch of the dungeon, and saw 3 of its levels.

You collected 91 gold pieces.

Inventory:

Hand weapons
 f - a +0 dagger
 g - a +0 whip
 l - a +0 spear
 m - a +0 flail (weapon)
 o - a +0 dagger of speed
Missiles
 r - 4 javelins (quivered)
Armour
 a - a +0 robe (worn)
 q - a +0 pair of gloves (worn)
Comestibles
 c - a bread ration
 p - a meat ration
Scrolls
 d - a scroll of identify {unknown}
 e - a scroll of teleportation {unknown}
 n - a scroll of fear {unknown}
Potions
 h - a potion of haste {unknown}
 i - a potion of might {unknown}
 j - a potion of beneficial mutation {unknown}
 k - a potion of restore abilities {unknown}
 s - a potion of flight {unknown}
Books
 b - a book of Frost

   Spells                             Type                      Level
   *Freeze                            Ice                          1
   *Throw Frost                       Conjuration/Ice              2
   Ozocubu's Armour                   Charms/Ice                   3
   *Throw Icicle                      Conjuration/Ice              4
   Summon Ice Beast                   Ice/Summoning                4
   Condensation Shield                Ice                          4


   Skills:
 - Level 2.4 Dodging
 - Level 2.4 Stealth
 + Level 4.2 Spellcasting
 * Level 4.0 Conjurations
 * Level 3.5 Ice Magic


You had 4 spell levels left.
You knew the following spells:

 Your Spells              Type           Power        Failure   Level  Hunger
a - Freeze                Ice            ###.         2%          1    None
b - Throw Frost           Conj/Ice       ###...       4%          2    #......
c - Throw Icicle          Conj/Ice       ###.....     28%         4    ####...


Dungeon Overview and Level Annotations

Branches:
Dungeon (3/15)

Altars:
Gozag

Annotations:
D:3 Nacere's ghost, weakling DEIE


Message History

The kobold is severely wounded.
The kobold barely misses you.
You barely miss the kobold.
The kobold is severely wounded.
The kobold barely misses you.
You hit the kobold.
You kill the kobold!
Nacere's ghost (weakling Deep Elf Ice Elementalist) comes into view.
Nacere's ghost turns its malevolent gaze towards you.
Found 17 gold pieces.
Nacere's ghost casts a spell at you. The puff of frost misses you.
Nacere's ghost points at you and mumbles some strange words.
The puff of frost misses you.
Nacere's ghost gestures at you while chanting.
The puff of frost hits you!
* * * LOW HITPOINT WARNING * * *
Nacere's ghost gestures at you while chanting.
The puff of frost hits you!
You die...

## ######## #####
####.. .......##
### #...# #...
..♣...♣..##
..######...####.##
. ........#
.................#
.....♣.....#
.)######...####..##
..<...).<..# ).#
#...# #.@.#
.....♣.h...# ).#
#...# ###.# .
%...hh..# ..# #####
#.# ..♣..S♣h.## ###
#.## .......## #..#
##.?#### #######W##
#.# #...$W...# .
..$..............
.......#.....#.#


You could see Nacere's ghost.

Vanquished Creatures
  2 orc priests (D:3)
  2 adders (D:3)
  8 orcs (D:3)
  A bat (D:1)
  2 goblins
  3 hobgoblins
  3 kobolds
  A ball python (D:3)
  2 giant newts
  3 rats
27 creatures vanquished.

Notes
Turn   | Place    | Note
--------------------------------------------------------------
     0 | D:1      | Nacere, the Deep Elf Ice Elementalist, began the quest for the Orb.
     0 | D:1      | Reached XP level 1. HP: 10/10 MP: 5/5
   283 | D:2      | Reached skill level 4 in Spellcasting
   283 | D:2      | Reached XP level 2. HP: 4/15 MP: 0/9
   288 | D:2      | Learned a level 2 spell: Throw Frost
   372 | D:2      | Found an opulent altar of Gozag.
   448 | D:3      | Reached XP level 3. HP: 16/19 MP: 6/12
   477 | D:3      | Noticed an orc priest
   487 | D:3      | Killed an orc priest
   510 | D:3      | Reached XP level 4. HP: 7/24 MP: 1/15
   516 | D:3      | Learned a level 4 spell: Throw Icicle
   528 | D:3      | Noticed an orc priest
   541 | D:3      | Killed an orc priest
   592 | D:3      | Noticed Nacere's ghost (weakling DEIE)
   599 | D:3      | Killed from afar by Nacere's ghost

Action                   |  1- 3 |  4- 6 || total
-------------------------+-------+-------++-------
Melee: Unarmed           |     4 |       ||     4
       Spear             |     4 |       ||     4
       Flail             |     3 |    25 ||    28
       Dagger            |     3 |       ||     3
Throw: Javelin           |     4 |     1 ||     5
 Cast: Freeze            |    25 |     5 ||    30
       Throw Frost       |     2 |       ||     2
  Use: Potion            |       |     1 ||     1
 Stab: Sleeping          |     1 |       ||     1
